Cogmind - Beta 11.1 @@@ ROGUE MODE // 2022.04.23 @ 20:19:53 Player: the cat Result: Destroyed by DAS Turret with DAS Cannon Performance ------------- Evolutions (1) 500 Regions Visited (5) 1000 Robots Destroyed (59) 295 Value Destroyed (1490) 1490 Prototype IDs (3) 60 Alien Tech Used (0) 0 Bonus (0) 0 TOTAL SCORE: 3345 Bonus ------- None Cogmind --------- Core Integrity 0/400 Matter 38/300 Energy 149/150 System Corruption 0% Temperature Cool (0) Movement Rolling (150) Ox4 Location -9/Exiles Parts ------- > --- POWER (1) -------- Micro Nuclear Core > --- PROPULSION (3) --- Light Treads Light Treads Armored Wheel > --- UTILITY (3) ------ High-capacity Storage Unit Improved Salvage Targeting Computer Improved Targeting Computer > --- WEAPON (2) ------- 8R-AWN's Boregun Great Axe > --- INVENTORY (20) --- Compact Wheel Cooling System High-capacity Matter Pod (200) Improved Utility Shielding Long-range Tractor Beam EM Pulse Cannon EM Pulse Cannon Advanced Beam Cannon Advanced Beam Cannon Advanced Beam Cannon Plasma Cannon Flak Gun Grenade Launcher Peak State ------------ > --- POWER ------------ Micro Nuclear Core > --- PROPULSION ------- Light Treads Light Treads Armored Wheel > --- UTILITY ---------- High-capacity Storage Unit Improved Salvage Targeting Computer Improved Targeting Computer > --- WEAPON ----------- 8R-AWN's Boregun Great Axe > --- INVENTORY -------- Light Treads Compact Wheel Cooling System High-capacity Matter Pod Improved Utility Shielding Long-range Tractor Beam EM Pulse Cannon EM Pulse Cannon Advanced Beam Cannon Advanced Beam Cannon Advanced Beam Cannon Plasma Cannon Flak Gun Grenade Launcher [Rating: 32] Favorites ----------- Power Improved Ion Engine Engine Improved Ion Engine Power Core Micro Nuclear Core Propulsion Light Treads Treads Light Treads Wheel Armored Wheel Utility High-capacity Storage Unit Device Cooling System Storage High-capacity Storage Unit Processor Improved Targeting Computer Protection Light Armor Plating Weapon Advanced Beam Cannon Energy Gun Medium Laser Energy Cannon Advanced Beam Cannon Ballistic Gun Assault Rifle Launcher Grenade Launcher Impact Weapon Mace Slashing Weapon Great Axe Build | -11 -10 -10 -9 -9 -9 ------- Run | Scr Mat Min Mat Min Exi Slots Evolved 2 | . . . 2 . . Power . | . . . . . . Propulsion 1 | . . . 1 . . Utility 1 | . . . 1 . . Weapon . | . . . . . . Parts Attached 60 | 6 12 2 23 2 15 Power 5 | 1 1 . 2 . 1 Engine 4 | 1 1 . 2 . . Core 1 | . . . . . 1 Reactor . | . . . . . . Propulsion 15 | 2 2 . 6 . 5 Treads 10 | 1 . . 5 . 4 Leg . | . . . . . . Wheel 5 | 1 2 . 1 . 1 Hover . | . . . . . . Flight . | . . . . . . Utility 16 | 1 4 1 6 2 2 Device 2 | . . 1 1 . . Storage 4 | 1 3 . . . . Processor 4 | . 1 . 1 . 2 Hackware . | . . . . . . Protection 6 | . . . 4 2 . Artifact . | . . . . . . Weapon 24 | 2 5 1 9 . 7 Energy Gun 5 | 2 1 1 1 . . Energy Cannon 7 | . . . 5 . 2 Ballistic Gun 6 | . 2 . 1 . 3 Ballistic Cannon . | . . . . . . Launcher 4 | . 2 . 1 . 1 Special Weapon . | . . . . . . Impact Weapon 1 | . . . 1 . . Slashing Weapon 1 | . . . . . 1 Piercing Weapon . | . . . . . . Special Melee Weapon . | . . . . . . Unidentified Prototypes 3 | . . . 2 . 1 Parts Lost 10 | . . 1 3 1 5 Power 2 | . . . 1 . 1 Propulsion 4 | . . . 1 . 3 Utility 2 | . . . . 1 1 Weapon 2 | . . 1 1 . . Highest Loss Streak 4 | . . 1 2 1 4 To Critical Strikes 2 | . . . . . 2 Average Slot Usage (%) 98 | . 99 100 97 99 97 Engine 11 | . 14 14 11 11 9 Treads 15 | . 1 . 18 22 22 Wheel 15 | . 26 28 13 11 9 Device 7 | . . 7 11 11 5 Storage 11 | . 14 14 11 11 11 Processor 4 | . 13 6 . . 7 Protection 7 | . . . 9 10 8 Energy Gun 5 | . 14 26 4 . . Energy Cannon 13 | . . . 16 22 13 Ballistic Gun 3 | . 13 1 . . 3 Naked Turns . | . . . . . . Heaviest Build 89 | 14 89 49 60 60 60 Greatest Support 60 | 10 24 24 24 12 60 Greatest Overweight (x) 4 | 1 3 2 4 4 4 Average Overweight (x) 3 | . 1 1 3 4 3 Largest Inventory Capacity 25 | 8 25 20 20 20 20 Average Capacity 19 | 6 16 20 20 20 20 Most Carried 20 | 4 18 17 20 20 20 Average Carried 17 | 2 11 16 19 19 17 Final Capacity 20 | 8 20 20 20 20 20 Final Carried 20 | 4 18 17 20 19 13 Class Distribution -------------------- 73% | Mutant 26% | Scavenger-Mutant Dominant Class ---------------- Mutant | -10/Materials Mutant | -10/Mines Mutant | -9/Materials Scavenger-Mutant | -9/Mines Mutant | -9/Exiles Resources | -11 -10 -10 -9 -9 -9 ----------- Run | Scr Mat Min Mat Min Exi Matter Collected 1016 | 198 354 71 370 20 3 Remotely . | . . . . . . Salvage Created 2149 | . 433 118 1297 293 8 Parts 106 | . 21 5 64 16 . Haulers Intercepted 8 | . 2 . 6 . . Recyclers Shooed 2 | . . . 2 . . Parts Field Recycled . | . . . . . . Retrieved Matter . | . . . . . . Parts Self-Destructed . | . . . . . . Prevented . | . . . . . . Kills | -11 -10 -10 -9 -9 -9 ------- Run | Scr Mat Min Mat Min Exi Combat Hostiles Destroyed 46 | . 10 2 20 9 5 Guns 12 | . 6 2 4 . . Cannons 24 | . . . 15 8 1 AOE 9 | . 4 . 1 . 4 Classes Destroyed 12 | . 4 1 5 1 1 Worker 2 | . . . 2 . . Builder 3 | . . 1 2 . . Hauler 8 | . 2 . 6 . . Recycler 2 | . . . 2 . . Mechanic 1 | . 1 . . . . Watcher 2 | . . . 2 . . Swarmer 8 | . 3 . 2 3 . Grunt 26 | . 7 2 12 5 . Brawler 1 | . . . 1 . . Duelist 1 | . . . . 1 . Sentry 5 | . . . 5 . . Assembled 5 | . . . . . 5 Best Kill Streak 6 | . 5 2 5 6 3 Combat Bots Only 6 | . 5 1 3 6 3 Max Kills in Single Turn 4 | . 4 1 3 1 2 Gunslinging . | . . . . . . Exploded 4 | . 4 . 1 . 2 Melee . | . . . . . . Uniques/NPCs Destroyed . | . . . . . . Combat | -11 -10 -10 -9 -9 -9 -------- Run | Scr Mat Min Mat Min Exi Damage Taken 2624 | . 342 172 681 361 1068 Core 535 | . 105 24 98 33 275 Absorbed by Shields . | . . . . . . Redirected to Shielding 2 | . . . 2 . . Core Remaining (%) 74 | 100 . 48 . . . Volleys Fired 174 | . 39 13 72 26 24 Largest 2 | . 2 2 2 2 1 Hottest 136 | . 70 90 136 136 63 Shots Fired 311 | . 76 22 137 52 24 Gun 146 | . 74 22 35 . 15 Cannon 154 | . . . 98 52 4 Launcher 11 | . 2 . 4 . 5 Special . | . . . . . . Kinetic 56 | . 37 4 . . 15 Thermal 228 | . 37 18 121 52 . Explosive 11 | . 2 . 4 . 5 Electromagnetic 16 | . . . 12 . 4 Robot Hit Streak 20 | . 16 10 20 5 9 Robot Miss Streak 4 | . 2 3 2 4 1 Penetration Max . | . . . . . . Secondary Targets 2 | . 1 1 . . . Max Gunslinging Chain 1 | . 1 1 . . . Shots Hit Robots 217 | . 55 14 94 30 24 Core Hits 96 | . 23 6 40 10 17 Critical Kills 1 | . . . . 1 . Critical Parts Destroyed 1 | . . . . . 1 Critical Strikes 14 | . 5 1 3 1 4 Burn 8 | . 5 1 2 . . Meltdown 1 | . . . . 1 . Destroy 3 | . . . . . 3 Corrupt 1 | . . . 1 . . Sever 1 | . . . . . 1 Melee Attacks 17 | . . . 3 . 14 Impact 3 | . . . 3 . . Slashing 14 | . . . . . 14 Piercing . | . . . . . . Sneak Attacks . | . . . . . . Combat Hostiles . | . . . . . . Follow-up Attacks . | . . . . . . Damage Inflicted 4847 | . 784 175 2386 614 888 Guns 1324 | . 668 175 343 . 138 Cannons 2005 | . . . 1346 614 45 Explosions 989 | . 116 . 618 . 255 Melee 529 | . . . 79 . 450 Ramming . | . . . . . . Kinetic 523 | . 343 42 . . 138 Thermal 2693 | . 325 133 1621 614 . Explosive 782 | . 116 . 411 . 255 Electromagnetic 320 | . . . 275 . 45 Impact 79 | . . . 79 . . Slashing 450 | . . . . . 450 Piercing . | . . . . . . Highest Corruption . | . . . . . . Average Corruption . | . . . . . . Corruption Purged . | . . . . . . Corruption Blocked . | . . . . . . Overload Shots . | . . . . . . Overflow Damage 109 | . . . 109 . . Projectiles 1 | . . . 1 . . Explosions 108 | . . . 108 . . Melee . | . . . . . . Knockbacks 2 | . . . 2 . . Impact 2 | . . . 2 . . Kinetic . | . . . . . . Secondary . | . . . . . . Self-Inflicted Damage 29 | . . . . . 29 Shots 1 | . . . . . 1 Rammed . | . . . . . . Targets Rammed . | . . . . . . Kicked . | . . . . . . Crushed . | . . . . . . Highest Temperature 403 | . 138 238 403 136 72 Average Temperature 45 | . 39 116 31 47 32 Received Heat Transfer 720 | . 165 96 324 135 . Effects 3 | . . 3 . . . Interference 3 | . . 3 . . . Siege Activations . | . . . . . . Robots Corrupted 1 | . . . 1 . . Combat Hostiles . | . . . . . . Parts Fried . | . . . . . . Impact Corruptions . | . . . . . . Robots Melted 1 | . . . . 1 . Combat Hostiles 1 | . . . . 1 . Parts Melted 13 | . 6 1 5 1 . Heat Transferred 6029 | . 1332 445 3142 1110 . Parts Sabotaged . | . . . . . . Parts Stolen . | . . . . . . Parts Stripped . | . . . . . . Power Chain Reactions . | . . . . . . Missiles Intercepted . | . . . . . . Alert | -11 -10 -10 -9 -9 -9 ------- Run | Scr Mat Min Mat Min Exi Peak Influence 285 | . 285 112 281 245 . Initial 101 | . . 67 43 101 . Average 137 | . 159 98 141 123 . Maximum Alert Level 1 | . 1 . 1 1 . Low Security (%) 76 | 100 70 100 68 93 . Level 1 23 | . 29 . 31 6 . Level 2 . | . . . . . . Level 3 . | . . . . . . Level 4 . | . . . . . . Level 5 . | . . . . . . High Security . | . . . . . . Max Security . | . . . . . . Squads Dispatched 5 | . 2 . 2 1 . Investigation 2 | . 1 . . 1 . Extermination . | . . . . . . Reinforcement 3 | . 1 . 2 . . Assault . | . . . . . . Garrison . | . . . . . . Intercept . | . . . . . . Searches Triggered . | . . . . . . Construction Impeded 1 | . . . 1 . . Haulers Reinforced . | . . . . . . Active Scanning Responses . | . . . . . . Cargo Convoy Interrupts . | . . . . . . Stealth | -11 -10 -10 -9 -9 -9 --------- Run | Scr Mat Min Mat Min Exi Distress Signals 2 | . 2 . . . . Communications Jammed . | . . . . . . Distress Signals . | . . . . . . Times Spotted 77 | . 20 2 30 10 15 Peak Tracking Total 10 | . 5 2 5 5 10 Tactical Retreats 8 | . 1 . 3 1 3 Traps | -11 -10 -10 -9 -9 -9 ------- Run | Scr Mat Min Mat Min Exi Traps Triggered 3 | . 2 . 1 . . Indirectly . | . . . . . . Trap Hack Attempts . | . . . . . . Triggered . | . . . . . . Disarmed . | . . . . . . Reprogrammed . | . . . . . . Reused . | . . . . . . Traps Extracted . | . . . . . . Installed . | . . . . . . Triggered . | . . . . . . Exploded 3 | . . . . . 3 Machines | -11 -10 -10 -9 -9 -9 ---------- Run | Scr Mat Min Mat Min Exi Machines Disabled 7 | . . . 4 1 2 Max in Single Turn 1 | . . . 1 1 1 Machines Sabotaged . | . . . . . . Garrisons Compromised . | . . . . . . Overloaded Fab Kills . | . . . . . . Hacking | -11 -10 -10 -9 -9 -9 --------- Run | Scr Mat Min Mat Min Exi Machines Accessed 13 | . 3 . 8 1 1 Terminals 11 | . 3 . 8 . . Fabricators . | . . . . . . Repair Stations . | . . . . . . Recycling Units . | . . . . . . Scanalyzers . | . . . . . . Garrison Access . | . . . . . . Total Hacks 36 | . 15 . 19 1 1 Successful 15 | . 4 . 9 1 1 Failed 21 | . 11 . 10 . . Catastrophic 3 | . . . 3 . . Database Lockouts . | . . . . . . Manual 19 | . 9 . 10 . . Terminals 34 | . 15 . 19 . . Fabricators . | . . . . . . Repair Stations . | . . . . . . Recycling Units . | . . . . . . Scanalyzers . | . . . . . . Garrison Access . | . . . . . . Terminal Hacks 13 | . 2 . 9 1 1 Record 1 | . . . . . 1 Open Door 1 | . . . . 1 . Branch Access Points 1 | . . . 1 . . Unreport Threat 1 | . . . 1 . . Locate Traps 4 | . 1 . 3 . . Recall Reinforcements 1 | . . . 1 . . Hauler Manifests 2 | . . . 2 . . Zone Layout 2 | . 1 . 1 . . Fabricator Hacks . | . . . . . . Repair Station Hacks . | . . . . . . Recycling Unit Hacks . | . . . . . . Scanalyzer . | . . . . . . Garrison Access Hacks . | . . . . . . Unauthorized Hacks 2 | . 2 . . . . Terminals 2 | . 2 . . . . Track 1 | . 1 . . . . Disrupt 1 | . 1 . . . . Fabricators . | . . . . . . Repair Stations . | . . . . . . Recycling Units . | . . . . . . Scanalyzers . | . . . . . . Garrison Access . | . . . . . . Data Cores Recovered . | . . . . . . Used . | . . . . . . Hacking Detections 9 | . 3 . 6 . . Full Trace Events 2 | . . . 2 . . Feedback Events . | . . . . . . Feedback Blocked . | . . . . . . Robot Schematics Acquired . | . . . . . . Robots Built . | . . . . . . Authchips . | . . . . . . Time . | . . . . . . Total Robot Build Rating . | . . . . . . Part Schematics Acquired . | . . . . . . Parts Built . | . . . . . . Authchips . | . . . . . . Time . | . . . . . . Total Part Build Rating . | . . . . . . Parts Repaired . | . . . . . . Time . | . . . . . . Parts Recycled . | . . . . . . Recycled Matter . | . . . . . . Retrieved Matter . | . . . . . . Retrieved Components . | . . . . . . Parts Scanalyzed . | . . . . . . Part Schematics Acquired . | . . . . . . Parts Damaged . | . . . . . . Bothacking | -11 -10 -10 -9 -9 -9 ------------ Run | Scr Mat Min Mat Min Exi Used RIF Installer . | . . . . . . Robots Hacked . | . . . . . . Non-combat . | . . . . . . Combat . | . . . . . . Robot Hacks Applied . | . . . . . . Relay Couplers Released . | . . . . . . Fabnet Peak Effective % . | . . . . . . Robots Rewired . | . . . . . . Allies Hacked . | . . . . . . Hacks Repelled . | . . . . . . Allies | -11 -10 -10 -9 -9 -9 -------- Run | Scr Mat Min Mat Min Exi Total Allies . | . . . . . . Largest Group . | . . . . . . Highest-Rated Group . | . . . . . . Highest-Rated Ally . | . . . . . . Total Orders . | . . . . . . Ally Attacks . | . . . . . . Total Damage . | . . . . . . Kills . | . . . . . . Allies Corrupted . | . . . . . . Allies Melted . | . . . . . . Intel | -11 -10 -10 -9 -9 -9 ------- Run | Scr Mat Min Mat Min Exi Robot Analysis Total . | . . . . . . Derelict Logs Recovered 1 | . . . . 1 . Drone Launches . | . . . . . . Drone Recoveries . | . . . . . . Exploration | -11 -10 -10 -9 -9 -9 ------------- Run | Scr Mat Min Mat Min Exi Turns Passed 3395 | 55 728 88 1400 670 454 Spaces Moved 1935 | 43 494 41 772 363 222 Core 3 | 3 . . . . . Treads 2 | . . . . . 2 Legs . | . . . . . . Wheels 1930 | 40 494 41 772 363 220 Hover . | . . . . . . Flight . | . . . . . . Fastest Speed 50 | 50 95 105 120 150 150 Average Speed 135 | 88 112 118 142 150 150 Slowest Speed 160 | 95 135 120 150 150 160 Overloaded Moves . | . . . . . . Propulsion Burnouts . | . . . . . . Robots Hopped . | . . . . . . Cave-ins Triggered . | . . . . . . Exploration Rate (%) 46 | 3 63 21 72 68 51 Regions Visited 5 Branch Regions 3 Pre-discovered Areas 1 | . . . . . 1 Known Exits Taken 1 | . . . 1 . . Unknown Exits Taken 4 | 1 1 1 . 1 . Scrap Searched 1 | . . . . 1 . Spaces Dug 1 | . . . 1 . . Terrain Destroyed 59 | . 19 . 22 . 18 Melee 1 | . . . 1 . . Projectile 2 | . . . . . 2 AOE 56 | . 19 . 21 . 16 Terrain Rammed . | . . . . . . Walls Destroyed . | . . . . . . Machines Disabled . | . . . . . . Actions | -11 -10 -10 -9 -9 -9 --------- Run | Scr Mat Min Mat Min Exi Total 2368 | 56 590 59 930 439 294 Wait 105 | 4 22 . 30 39 10 Move 1930 | 42 493 40 771 362 222 Hop . | . . . . . . Pick Up 47 | 4 18 2 14 5 4 Fast Attach 15 | 6 1 . 7 1 . Attach 17 | . 1 2 6 1 7 Detach . | . . . . . . Swap 28 | . 10 . 10 . 8 Drop 35 | . 6 2 17 5 5 Fire 174 | . 39 13 72 26 24 Melee 17 | . . . 3 . 14 Ram . | . . . . . . Kick . | . . . . . . Crush . | . . . . . . Escape Stasis . | . . . . . . Rewire . | . . . . . . Trap . | . . . . . . Miscellaneous . | . . . . . . Route ------- -11/Scrapyard -10/Materials (discovered 3 exits: *Mat x2 / [*Min]) -10/Mines -9/Materials (discovered 2 exits: *Mat / *Min) -9/Mines (discovered 3 exits: *Mat x2 / *Exi) -9/Exiles (discovered 1 exit: [*Min]) History --------- Turn | Location | Event 32 | -11/Scrapyard | Discovered new exit (range 15) 56 | -11/Scrapyard | Entered Materials 202 | -10/Materials | Discovered new exit (range 15) 307 | -10/Materials | Build established: Mutant 363 | -10/Materials | Discovered new exit (range 9) 572 | -10/Materials | Discovered new exit (range 16) 784 | -10/Materials | Entered Mines 795 | -10/Mines | Core integrity fell below 50% 861 | -10/Mines | Discovered new exit (range 7) 872 | -10/Mines | Entered Materials 872 | -9/Materials | Evolved 2 slots: Propulsion x1, Utility x1 1250 | -9/Materials | Discovered new exit (range 15) 1411 | -9/Materials | Identified exit to Materials 1519 | -9/Materials | Discovered new exit (range 8) 2141 | -9/Materials | Identified exit to Mines 2272 | -9/Materials | Entered Mines 2300 | -9/Mines | Met a Derelict bent on vengeance 2379 | -9/Mines | Build established: Scavenger-Mutant 2478 | -9/Mines | Learned Materials security intel 2478 | -9/Mines | Discovered exit to Materials (range 10) 2487 | -9/Mines | Met a Derelict shopkeep closing up shop 2752 | -9/Mines | Discovered exit to Materials (range 10) 2935 | -9/Mines | Deemed a non-threat by the Exiles lab entrance 2936 | -9/Mines | Discovered new exit (range 5) 2942 | -9/Mines | Entered Exiles 2972 | -9/Exiles | Discovered new exit (range 15) 2992 | -9/Exiles | Met 8R-AWN 3014 | -9/Exiles | Met EX-HEX 3071 | -9/Exiles | Met EX-DEC 3098 | -9/Exiles | Learned location of Zion (-6) 3179 | -9/Exiles | Attacked by the Exiles 3223 | -9/Exiles | Core integrity fell below 50% 3280 | -9/Exiles | Build established: Mutant 3309 | -9/Exiles | Found Prototype Ballistic Gun 3325 | -9/Exiles | Identified 8R-AWN's Boregun 3348 | -9/Exiles | Lost 4 parts (1p2n1u) 3379 | -9/Exiles | Core integrity fell below 20% 3396 | -9/Exiles | Destroyed by DAS Turret with DAS Cannon Last Messages --------------- 03334_ Destroyed 8R-AWN's Boregun. 03334_ HV Slug penetrates Wall. 03336_ HV Slug penetrates 8R-AWN. 03336_ HV Slug penetrates Earth. 03338_ HV Slug penetrates Machine. 03338_ HV Slug penetrates Earth. 03340_ HV Slug penetrates 8R-AWN. 03340_ 8R-AWN suffers critical hit (Destroy). 03342_ HV Slug penetrates 8R-AWN. 03358_ Acquired 3 matter. 03372_ HV Slug penetrates Wall. 03372_ HV Slug penetrates Machine. 03374_ HV Slug penetrates Wall. 03374_ HV Slug penetrates Machine. 03376_ HV Slug penetrates DAS Turret. 03377_ Lgt. Treads destroyed. 03377_ Critical hit (Blast). 03378_ HV Slug penetrates Machine. 03380_ HV Slug penetrates DAS Turret. 03380_ HV Slug penetrates Machine. Map ----- +----------------------------------------------------+ | ?????????????????????????????????????????????????? | | ?????????????????????????????????????????????????? | | ?????????????????????????????????????????????????? | | ?????????????????????????????????????????????????? | | ??????????????#######????????????????????????????? | | ######???????#!!! "#????????????????????????????? | | #""##?????# "#????????????????????????????? | | #?????# "#????????????????????????????? | | ##???## ""#????????????????????????????? | | #####" ""#????????????????????????????? | | ##" ""#????????????????????????????? | | # """ #?????????????????? ???????????? | | #"## ##??????????????? ????????????? | | #??#### ##??????????????? "#??????????? | | ??????### "#?????????????? ""???????????? | | ######## #####?????????? "????????????? | | # !!""""" # ###???????? #????????????? | | #! ## ###???### ###??????????? | | #! " ""#####X# #"###????????? | | #! #"### """""" "????? | | # !"" " ""## #?#" % "" """ ???? | | ######"###?# #?##" " " ??? | | ????# #????# #??## ; ??? | | ???# #?????# ????##### % ?? | | ??# #??????# ????????#;; % ?? | | ?# #???????# ????????###;@ ?? | | ?##????????# ??????????#;; ?? | | ???????????? ??????????##; ""??? | | ???????????? ???????????## ##???? | | ????????????????????????#" ""##????? | | ????????????????????????#" """##?????? | | ???????????????????????#""" """##??????? | | ???????????????????????#""" ""#???????? | | ???????????????????????#"" ########?? | | ???????????????????????#""" ## ### | | ???????????????????????#"" "" | | ???????????????????????##"" t | | ????????????????????????#"""" | | ?????????????????????????# | | ?????????????????????????#" " | | ?????????????????????????#"""" ""## | | ?????????????????????????#"" ""#### | | ??????????????????????????" """"##??# | | ??????????????????????????""" """#???# | | ??????????????????????????? ""##???! | | ???????????????????????????"" """##???#" | | ????????????????????????????""" #?????#" | | ??????????????????????????????""" #??????#!! | | ??????????????????????????????? ????????## | | ???????????????????????????????#### #?????????? | +----------------------------------------------------+ Best States ------------- Heat Dissipation 50 Energy Generation 15 Energy Capacity 265 Matter Stores 300 Matter Capacity 300 Sight Range 16 Terrain Scan Density 10 Armor Coverage 150 Core Shielding 20 Evasion (%) 44 Targeting Accuracy 6 Recoil Reduction 3 Salvage Targeting 2 Item Schematics ----------------- None Robot Schematics ------------------ None Fabricated ------------ Nothing Alien Tech Used ----------------- None Achievements -------------- None Challenges ------------ None Game ------ Seed LatentTeslaBeamcaster Manual? 0 Play Time 00:31:06 Cumulative 219.3 hours Start 2022.04.23 @ 19:50:03 End 2022.04.23 @ 20:19:53 Sessions 1 Manual Loads 0 Difficulty Rogue Special Mode None Game No. 66 Rogue 49 Adventurer 17 Explorer 0 Win Type - Total 12 Types 7/0/4/1/0/0/0/0/0 Lore% 73 Gallery% 74 Achievement% 67 Wizard Run 0 Options --------- ASCII 0 Keyboard 0 Movement Arrows Keybinds 0 Fullscreen 1 Font 28/Dina Map View 72x54 Tactical HUD 1 Map Filters NONE Filters NONE Steam 1 RUN: 278eb5d6-c6da-4ddb-a5b0-2cafd5e3332f